 Dungeon Crawl Stone Soup version 0.16-a0-1702-gbf7a8d7 (webtiles) character file.

158 Psiweapon the Twirler (level 5, -1/38 HPs)
             Began as a Human Gladiator on Oct 29, 2014.
             Slain by Dowan
             ... wielding a +0 dagger
              (4 damage)
             ... on level 4 of the Dungeon.
             The game lasted 00:12:29 (2665 turns).

Psiweapon the Twirler (Human Gladiator)             Turns: 2665, Time: 00:12:29

Health: -1/38      AC:  5    Str: 16    XL:     5   Next: 67%
Magic:  5/5        EV: 13    Int:  8    God:
Gold:   120        SH:  0    Dex: 14    Spells: 0 memorised, 4 levels left

rFire  + . .     SeeInvis .     a - +0 quarterstaff
rCold  . . .     Clarity  .     b - +0 leather armour
rNeg   + . .     SustAb   .     (no shield)
rPois  .         Gourm    .     c - +0 helmet
rElec  .         Spirit   .     n - +0 cloak
rCorr  .         Warding  +     (no gloves)
rMut   .         Stasis   .     (no boots)
MR     .....                    s - amulet of warding
Stlth  +.........               (no ring)
                                r - ring of protection from fire

@: glowing, not resistant to hostile enchantments, very unstealthy
A: no striking features
a: no special abilities


You were on level 4 of the Dungeon.
You were hungry.

You visited 1 branch of the dungeon, and saw 4 of its levels.

You collected 120 gold pieces.

Inventory:

Hand weapons
 a - a +0 quarterstaff (weapon)
 y - a +0 quarterstaff
 D - a +0 morningstar
Missiles
 d - a throwing net (quivered)
 q - 3 tomahawks
Armour
 b - a +0 leather armour (worn)
 c - a +0 helmet (worn)
 n - a +0 cloak (worn)
Jewellery
 r - a ring of protection from fire (left hand)
 s - an amulet of warding (around neck)
 A - an uncursed amulet of the gourmand {unknown}
Scrolls
 i - a scroll of blinking {unknown}
 k - 2 scrolls of enchant weapon {unknown}
 l - 3 scrolls of remove curse {unknown}
 m - a scroll of random uselessness {unknown}
 p - a scroll of immolation {unknown}
 t - 2 scrolls of teleportation {unknown}
 u - 2 scrolls of identify {unknown}
 C - a scroll of enchant armour {unknown}
Potions
 e - 2 potions of restore abilities {unknown}
 g - a potion of cancellation {unknown}
 j - a potion of curing
 o - a potion of agility {unknown}
 w - a potion of flight {unknown}
 x - a potion of heal wounds {unknown}
 z - a potion of haste
Comestibles
 f - 3 bread rations
 h - a slice of pizza
 v - a meat ration


   Skills:
 - Level 2.0 Fighting
 - Level 5.0 Staves
 - Level 2.1 Throwing
 + Level 4.2 Dodging


You had 4 spell levels left.
You didn't know any spells.

Dungeon Overview and Level Annotations

Branches:
Dungeon (4/15)
 Temple: D:4-7

Altars:

Annotations:
D:3 Protee's ghost, average OpEn
D:4 Dowan; Duvessa


Message History

Duvessa is severely wounded.
Dowan hits you with a dagger. Duvessa closely misses you.
Dowan casts a spell at Duvessa.
Duvessa seems to speed up.
You hit Duvessa but do no damage.
Duvessa is severely wounded.
Duvessa hits you with a short sword!
* * * LOW HITPOINT WARNING * * *
Dowan hits you with a dagger.
* * * LOW HITPOINT WARNING * * *
Duvessa hits you but does no damage.
Throwing (i - inventory. (,) - cycle):
d - 2 throwing nets (quivered)
Press: ? - help, Shift-Dir - straight line, f/p - Duvessa
Aim: Duvessa, wielding a short sword (severely wounded, fast)
You throw a throwing net. The throwing net hits Duvessa.
Duvessa is caught in the net!
Duvessa is severely wounded.
Dowan hits you but does no damage.
Duvessa struggles against the net.
Dowan hits you with a dagger.
You die...

...%........#
............#
............#
............ #.##.####..#
#.##.####..####+####+###
.....#..................
.....#.........).........
.....+..........@e...$...
.....#...........e.>.....
.....#...(......(.......
#..####.##.####.##...##.
#+#####.##%###### ####
..............#
..............#
........[.....#
...##...##....#


You could see Duvessa (caught) and Dowan.

Vanquished Creatures
  A worker ant (D:4)
  3 gnolls (D:2)
  4 adders
  2 worms (D:2)
  A giant gecko (D:2)
  An orc (D:4)
  2 ball pythons (D:2)
  7 bats
  4 giant cockroaches
  6 goblins
  6 hobgoblins
  3 jackals (D:2)
  5 giant newts
  9 kobolds
  A kobold skeleton (D:4)
  7 rats
62 creatures vanquished.

Notes
Turn   | Place    | Note
--------------------------------------------------------------
     0 | D:1      | Psiweapon, the Human Gladiator, began the quest for the Orb.
     0 | D:1      | Reached XP level 1. HP: 16/16 MP: 1/1
   182 | D:1      | Reached XP level 2. HP: 17/22 MP: 2/2
   812 | D:1      | Reached XP level 3. HP: 23/27 MP: 3/3
  1063 | D:2      | Reached skill level 4 in Staves
  1155 | D:2      | Reached XP level 4. HP: 31/33 MP: 4/4
  1586 | D:2      | Reached skill level 5 in Staves
  1725 | D:2      | Reached XP level 5. HP: 26/38 MP: 5/5
  2307 | D:3      | Noticed Protee's ghost (average OpEn)
  2651 | D:4      | Noticed Duvessa
  2652 | D:4      | Noticed Dowan
  2665 | D:4      | Slain by Dowan

Action                   |  1- 3 |  4- 6 || total
-------------------------+-------+-------++-------
Melee: Quarterstaff      |   115 |   123 ||   238
Throw: Throwing net      |     1 |     2 ||     3
  Use: Potion            |       |     2 ||     2
 Stab: Held in net/web   |       |     2 ||     2
  Eat: Chunk             |     1 |     4 ||     5
